 Dungeon Crawl Stone Soup version 0.29.1-2-gbd0b4ee654 (webtiles) character file.

Game seed: 7762714001685070921

2515 hawla the Arsonist (level 10, -8/70 HPs)
             Began as a Meteoran Fire Elementalist on Oct 24, 2022.
             Killed by divine providence
             ... invoked by an orc priest
              (16 damage)
             ... on level 7 of the Dungeon.
             The game lasted 00:26:01 (4065 turns).

hawla the Arsonist (Meteoran Fire Elementalist)     Turns: 4065, Time: 00:26:02

Health: -8/70      AC:  6    Str: 16    XL:     10   Next: 9%
Magic:  27/30      EV: 13    Int: 26    God:
Gold:   915        SH:  0    Dex: 15    Spells: 11/22 levels left

rFire   . . .      SeeInvis .   c - staff of death
rCold   . . .      Faith    .   (no shield)
rNeg    + + .      Spirit   .   a - +2 robe
rPois   .          Reflect  .   (no helmet)
rElec   .          Harm     .   (no cloak)
rCorr   .          Rampage  .   (no gloves)
Will    +....      Rage     3%  (no boots)
Stlth   +.........              f - amulet of magic regeneration
HPRegen 0.21/turn               D - ring "Tyicsa" {Fly rN+ Str+5 Int+6}
MPRegen 0.62/turn               E - ring of magical power

@: producing miasma, flying, glowing
A: sense surroundings 2, otherworldly, glowing, explore regen, iridescent scales
1, berserk 1
a: no special abilities


You were on level 7 of the Dungeon.
You visited 2 branches of the dungeon, and saw 8 of its levels.
You also visited: Ossuary.

You collected 2351 gold pieces.
You spent 1436 gold pieces at shops.

Inventory:

Hand Weapons
 B - a +0 bardiche
Armour
 a - a +2 robe (worn)
Magical Staves
 c - a staff of death (weapon)
Jewellery
 f - an amulet of magic regeneration (around neck)
 g - a +4 ring of protection
 h - an amulet of the acrobat
 i - a +4 ring of slaying
 n - a ring of protection from fire
 v - a ring of protection from fire
 C - a ring of poison resistance
 D - the ring "Tyicsa" (left hand) {Fly rN+ Str+5 Int+6}
   (You bought it in a shop on level 6 of the Dungeon)

   [ring of intelligence]

   Str:       It affects your strength (+5).
   Int:       It affects your intelligence (+6).
   rN:        It protects you from negative energy.
   Fly:       It grants you flight.
 E - a ring of magical power (right hand)
Wands
 e - a wand of roots (4)
 j - a wand of flame (26) (quivered)
 t - a wand of polymorph (5)
 w - a wand of paralysis (20)
Scrolls
 m - a scroll of enchant armour
 q - a scroll of magic mapping
 s - a scroll of summoning {unknown}
 x - a scroll of immolation {unknown}
 y - a scroll of teleportation {unknown}
 z - 3 scrolls of amnesia {unknown}
 A - a scroll of butterflies {unknown}
Potions
 b - 4 potions of magic
 d - 3 potions of flight
 k - 2 potions of might
 l - a potion of resistance
 o - a potion of brilliance {unknown}
 p - a potion of heal wounds
 r - a potion of ambrosia
 u - a potion of curing


   Skills:
 - Level 0.7 Fighting
 - Level 1.7 Polearms
 - Level 3.1 Dodging
 - Level 1.4 Stealth
 - Level 6.8 Spellcasting
 - Level 5.3 Conjurations
 + Level 4.5 Necromancy
 - Level 10.5 Fire Magic
 + Level 3.6 Air Magic
 + Level 1.5 Poison Magic
 - Level 2.0 Evocations


You had 11 spell levels left.
You knew the following spells:

 Your Spells              Type           Power      Damage    Failure   Level
a - Foxfire               Conj/Fire      100%       2x1d9     1%          1
b - Scorch                Fire           100%       2d10      1%          2
c - Flame Wave            Conj/Fire      50%        2d12      2%          4
d - Corpse Rot            Necr/Pois/Air  38%        N/A       17%         4

Your spell library contained the following spells:

 Spells                   Type           Power      Damage    Failure   Level
 Conjure Flame            Conj/Fire      50%        6-21      1%          3
 Inner Flame              Hex/Fire       36%        N/A       2%          3
 Poisonous Vapours        Pois/Air       44%        N/A       3%          2
 Sandblast                Erth           16%        2d6       6%          1
 Stone Arrow              Conj/Erth      44%        3d9       6%          3
 Passwall                 Tmut/Erth      6%         N/A       10%         2
 Portal Projectile        Hex/Tloc       16%        N/A       19%         3
 Tukima's Dance           Hex            8%         N/A       19%         3
 Blade Hands              Tmut           4%         N/A       87%         5


Dungeon Overview and Level Annotations

Branches:
Dungeon (7/15) Zot: 527    Temple (1/1) D:6 Zot: 549 Ossuary (visited)

Altars:
Ashenzari
Elyvilon
Fedhas
Gozag
Kikubaaqudgha
Makhleb
Nemelex Xobeh
Ru
Wu Jian
Yredelemnul
The Shining One
Lugonu

Shops:
D:2 (   D:5 *   D:6 =


Innate Abilities, Weirdness & Mutations

You passively map the area around you.
You are easily found by Zot.
You glow in the dark.
You regain HP and MP as you explore.
You are partially covered in iridescent scales. (AC +2)
You sometimes lose your temper in combat.


Message History

The orc warrior is moderately wounded.
The foxfire hits the ice beast.
The ice beast melts!
The ice beast is moderately wounded.
An orc wizard comes into view. It is wielding a +0 dagger.
An orc priest comes into view. It is wielding a +0 short sword.
An orc priest comes into view. It is wielding a +0 hand axe.
The foxfire hits the orc warrior!
The orc warrior is heavily wounded.
The foxfire hits the ice beast.
The ice beast melts!
The ice beast is heavily wounded.
The orc wizard gestures at you while chanting.
The magic dart hits you.
* * * LOW HITPOINT WARNING * * *
You fly upwards.
There is a stone staircase leading down here.
You start waiting.
Magic restored.
You start waiting.
Your miasmic aura is weakening.
You start waiting.
Your miasmic aura fades.
You start waiting.
You fly downwards.
The orc shouts!
The orc priest looks satisfied for a moment.
The orc warrior hits you with a +0 mace.
The ice beast barely misses you.
There is a stone staircase leading up, spattered with blood here.
Casting: Foxfire (safe; 1% risk of failure)
Confirm with . or Enter, or press ? or * to list all spells.
You feel a surge of power!
You radiate decay.
The orc warrior hits you with a +0 mace!
The ice beast hits you. The ice beast freezes you!
* * * LOW HITPOINT WARNING * * *
The orc warrior hits you with a +0 mace!
* * * LOW HITPOINT WARNING * * *
The ice beast closely misses you.
The orc priest invokes the aid of Beogh against you.
Beogh smites you!
You die...

, * , ,, , ,,,, ,
, , * ......
...... ,
......#*#.....# *
*
,....o..#.......
, **
#.....o....... ,
, ,,*
*#..o..o.......*
*,
**#.............
, * ,
,##....[†Y......
, ,
,...$...@)......
,, *
....<.[!o...... *
,......)........,
, , * ,
............... ,
,,
..[............ *
..............# ,
,
,........#.....#
,, * *
.......###....#
,, , , ,, , , ,
,,


You could see an orc warrior, an ice beast, 2 orc priests, an orc wizard and an
orc.

Vanquished Creatures
  Pikel (D:4)
  A water moccasin (D:6)
  An ice beast (D:6)
  A sky beast (D:7)
  An ogre (D:4)
  4 lemures (D:4)
  4 scorpions
  A necrophage (D:7)
  4 water moccasin zombies (Ossuary)
  4 wights (D:6)
  6 killer bees (D:7)
  3 orc priests
  5 hounds
  An iguana (D:6)
  4 orc wizards
  2 mummies (Ossuary)
  6 adders
  9 gnolls
  A shadow imp (D:6)
  A white imp (D:6)
  4 ufetubi
  5 adder zombies (Ossuary)
  A worm (D:3)
  2 dart slugs (D:4)
  24 orcs
  6 bats (D:1)
  5 endoplasms
  5 giant cockroaches
  2 gnoll zombies (Ossuary)
  6 goblins
  7 hobgoblins
  2 jackals (D:1)
  8 kobolds
  3 quokkas
  8 ball pythons
  4 frilled lizards
  A hobgoblin zombie (Ossuary)
  5 kobold zombies (Ossuary)
  4 orc zombies (Ossuary)
  6 rats
168 creatures vanquished.

Vanquished Creatures (others)
  250 foxfires
250 creatures vanquished.

Grand Total: 418 creatures vanquished

Notes
Turn   | Place    | Note
-------+----------+-------------------------------------------
     0 | D:1      | hawla the Meteoran Fire Elementalist began the quest for
                  | the Orb.
     0 | D:1      | Reached XP level 1. HP: 14/14 MP: 5/5
    37 | D:1      | Reached XP level 2. HP: 20/20 MP: 3/6
    63 | D:1      | Found a faded altar of an unknown god.
   132 | D:1      | Reached skill level 4 in Fire Magic
   164 | D:1      | Learned a level 2 spell: Scorch
   179 | D:1      | Reached XP level 3. HP: 26/26 MP: 5/8
   503 | D:2      | Reached XP level 4. HP: 33/33 MP: 2/9
   508 | D:2      | Learned a level 4 spell: Flame Wave
   795 | D:2      | Found Osel's Antique Weapon Emporium.
   920 | D:3      | Reached skill level 5 in Fire Magic
   920 | D:3      | Identified 2 scrolls of acquirement
   920 | D:3      | Acquired 1248 gold pieces
   931 | D:3      | Acquired 723 gold pieces
  1276 | D:3      | Found a sacrificial altar of Ru.
  1417 | D:4      | Reached XP level 5. HP: 38/38 MP: 10/10
  1473 | D:5      | Entered Level 5 of the Dungeon
  1481 | D:5      | Reached skill level 6 in Fire Magic
  1481 | D:5      | Reached XP level 6. HP: 26/45 MP: 1/11
  1618 | D:5      | Found Codaseno's General Store.
  1638 | D:5      | Found a sand-covered staircase.
  1646 | Ossuary  | Entered an ossuary
  1694 | Ossuary  | Reached skill level 7 in Fire Magic
  1694 | Ossuary  | Reached XP level 7. HP: 28/50 MP: 1/12
  1733 | Ossuary  | Reached skill level 8 in Fire Magic
  1834 | D:5      | Bought a wand of polymorph (5) for 91 gold pieces
  1834 | D:5      | Bought a potion of curing for 39 gold pieces
  1834 | D:5      | Bought a ring of protection from fire for 325 gold pieces
  1834 | D:5      | Bought a potion of magic for 104 gold pieces
  2118 | D:5      | Identified the +1 ring mail of Vehumet's Regard {Int+5}
  2799 | D:4      | Reached XP level 8. HP: 57/57 MP: 10/13
  2992 | D:4      | Noticed Pikel
  3014 | D:4      | HP: 4/85 [constriction (5)]
  3015 | D:4      | HP: 1/85 [constriction (3)]
  3017 | D:4      | Killed Pikel
  3018 | D:4      | Reached skill level 5 in Spellcasting
  3018 | D:4      | Reached skill level 5 in Conjurations
  3018 | D:4      | Reached skill level 9 in Fire Magic
  3018 | D:4      | Gained mutation: You passively map the area around you.
                  | [Meteoran growth]
  3018 | D:4      | Reached XP level 9. HP: 2/63 MP: 4/18
  3042 | D:4      | Glimpsed the power of Zot.
  3092 | D:4      | Glimpsed the power of Zot.
  3130 | D:5      | Gained mutation: You are clumsy. (Dex -2) [potion of
                  | mutation]
  3130 | D:5      | Gained mutation: Your spells are a little easier to cast,
                  | but a little less powerful. [potion of mutation]
  3130 | D:5      | Gained mutation: A frigid envelope surrounds you and
                  | freezes all who hurt you. [potion of mutation]
  3131 | D:5      | Lost mutation: A frigid envelope surrounds you and freezes
                  | all who hurt you. [potion of mutation]
  3131 | D:5      | Lost mutation: You are clumsy. (Dex -2) [potion of
                  | mutation]
  3131 | D:5      | Lost mutation: Your spells are a little easier to cast, but
                  | a little less powerful. [potion of mutation]
  3131 | D:5      | Gained mutation: You are clumsy. (Dex -2) [potion of
                  | mutation]
  3131 | D:5      | Gained mutation: Your body sometimes deteriorates upon
                  | taking damage. [potion of mutation]
  3131 | D:5      | Lost mutation: You are clumsy. (Dex -2) [potion of
                  | mutation]
  3131 | D:5      | Gained mutation: You are partially covered in iridescent
                  | scales. (AC +2) [potion of mutation]
  3131 | D:5      | Glimpsed the power of Zot.
  3141 | D:5      | Touched by the power of Zot.
  3166 | D:6      | Found an opulent altar of Gozag.
  3186 | D:6      | Reached skill level 1 in Polearms
  3371 | D:6      | Reached skill level 1 in Evocations
  3386 | D:6      | Found a staircase to the Ecumenical Temple.
  3396 | D:6      | Reached skill level 1 in Necromancy
  3399 | Temple   | Entered the Ecumenical Temple
  3452 | D:6      | Lost mutation: Your body sometimes deteriorates upon taking
                  | damage. [potion of mutation]
  3452 | D:6      | Lost mutation: You are partially covered in iridescent
                  | scales. (AC +2) [potion of mutation]
  3452 | D:6      | Gained mutation: You sometimes lose your temper in combat.
                  | [potion of mutation]
  3452 | D:6      | Gained mutation: You are partially covered in iridescent
                  | scales. (AC +2) [potion of mutation]
  3611 | D:6      | Found a basalt altar of Yredelemnul.
  3754 | D:6      | Reached skill level 10 in Fire Magic
  3799 | D:6      | Learned a level 4 spell: Corpse Rot
  3823 | D:6      | Reached skill level 1 in Air Magic
  3823 | D:6      | Reached skill level 1 in Poison Magic
  3870 | D:6      | Found Uhyff's Jewellery Boutique.
  3878 | D:6      | Bought the ring "Tyicsa" {Fly rN+ Str+5 Int+6} for 657 gold
                  | pieces
  3878 | D:6      | Bought a ring of magical power for 220 gold pieces
  3894 | D:6      | Glimpsed the power of Zot.
  3919 | D:7      | Reached XP level 10. HP: 24/70 MP: 7/21
  4065 | D:7      | Killed from afar by an orc priest

Illustrated notes

Levels and vault maps discovered:
D:1:      dpeg_arrival_pond, layout_rooms, shapermc_ecumenical_altar_acropolis
D:2:      minmay_general_purpose_star, layout_rooms, serial_shops, shop
D:3:      layout_basic, nicolae_ru_path_of_blood
D:4:      layout_rooms, uniq_pikel
D:5:      layout_layer_cave, chequers_ossuary_entry_cave, serial_shops, shop
D:6:      layout_loops_cross, kennysheep_mini, grunt_gozag_statues,
          minmay_temple_entry_overgrown, serial_shops, nicolae_shop_waterfront
D:7:      layout_cave_pools, nzn_overflow_gifts_of_might_and_magic,
          serial_shops, shop
Temple:   corrupted_temple

Skill      XL: |  1  2  3  4  5  6  7  8  9 |
---------------+----------------------------+-----
Fire Magic     | 4 5 6 7 8 9 10 | 10.5
Spellcasting   | 3 5 6 |  6.8
Conjurations   | 2 3 4 5 |  5.3
Dodging        | 3 |  3.1
Polearms       | 1 |  1.7
Evocations     | 2 |  2.0
Necromancy     | 4 |  4.5
Air Magic      | 3 |  3.6
Poison Magic   | 1 |  1.5
Fighting       | |  0.7
Stealth        | |  1.4

Action                   |  1- 3 |  4- 6 |  7- 9 | 10-12 || total
-------------------------+-------+-------+-------+-------++-------
Melee: Unarmed           |     3 |     4 |       |       ||     7
       Bardiche          |       |       |    11 |       ||    11
       Staff             |       |       |     4 |       ||     4
 Cast: Foxfire           |    42 |    41 |    63 |     4 ||   150
       Scorch            |    10 |    14 |    60 |     2 ||    86
       Flame Wave        |       |     4 |     9 |     1 ||    14
       Corpse Rot        |       |       |     2 |     1 ||     3
Evoke: Wand              |       |       |     3 |       ||     3
  Use: Scroll            |       |    10 |     7 |       ||    17
       Potion            |       |       |     5 |     1 ||     6
 Stab: Paralysed         |       |       |     1 |       ||     1
Armor: Robe              |     3 |    22 |    24 |       ||    49
       Skin              |       |       |     6 |       ||     6
Dodge: Dodged            |     9 |    22 |    38 |     2 ||    71
